[Event "WSTCC-65 2024"]
[Site "Krakow"]
[Date "2024.07.06"]
[Round "5.12"]
[White "Dekan, Hans"]
[Black "Priedite, Ingrida"]
[Result "1/2-1/2"]
[ECO "B42"]
[WhiteElo "2083"]
[BlackElo "2044"]
[Annotator "NA RC"]
[PlyCount "45"]
[EventDate "2024.07.01"]
[EventType "team-tourn"]
[EventCountry "POL"]
[SourceTitle "playchess.com"]
[Source "ChessBase"]
[SourceQuality "1"]
[TimeControl "40/5400+30:1800+30"]

1. e4 c5 2. Nf3 a6 3. d4 cxd4 4. Nxd4 e6 5. Bd3 Nf6 6. O-O Qc7 7. Nc3 Nc6 8. Nxc6 bxc6 9. Qe2 d6 10. Bg5 Be7 11. Rab1 h6 12. Bh4 O-O 13. f4 d5 14. Bxf6 Bxf6 15. e5 Be7 16. Nd1 f6 17. Rf3 fxe5 18. fxe5 Rxf3 19. gxf3 Bc5+ 20. Kg2 a5 21. c3 Qf7 22. Nf2 Ba6 23. Rf1 1/2-1/2

[Event "WSTCC-65 2024"]
[Site "Krakow"]
[Date "2024.07.06"]
[Round "5.12"]
[White "Kot, Jerzy"]
[Black "Andresen, Hans Jorn"]
[Result "1-0"]
[ECO "A39"]
[WhiteElo "2019"]
[BlackElo "1953"]
[Annotator "NA RC"]
[PlyCount "27"]
[EventDate "2024.07.01"]
[EventType "team-tourn"]
[EventCountry "POL"]
[SourceTitle "playchess.com"]
[Source "ChessBase"]
[SourceQuality "1"]
[TimeControl "40/5400+30:1800+30"]

1. c4 c5 2. Nf3 Nf6 3. g3 g6 4. Nc3 Nc6 5. Bg2 Bg7 6. O-O O-O 7. d4 cxd4 8. Nxd4 Nxd4 9. Qxd4 d6 10. b3 Qa5 11. Bb2 Qh5 12. Nd5 Bh3 13. Nxe7+ Kh8 14. Qxf6 1-0

[Event "WSTCC-65 2024"]
[Site "Krakow"]
[Date "2024.07.06"]
[Round "5.13"]
[White "Maier, Christian"]
[Black "Quinn, John M"]
[Result "1/2-1/2"]
[ECO "B40"]
[WhiteElo "2252"]
[BlackElo "2073"]
[Annotator "TA"]
[PlyCount "95"]
[EventDate "2024.07.01"]
[EventType "team-tourn"]
[EventCountry "POL"]
[SourceTitle "playchess.com"]
[Source "ChessBase"]
[SourceQuality "1"]
[TimeControl "40/5400+30:1800+30"]

1. e4 c5 2. Nf3 e6 3. d3 d5 4. Nbd2 Nc6 5. g3 Bd6 6. Bg2 Nge7 7. O-O O-O 8. Re1 Qc7 9. c3 d4 10. Nc4 {[%emt 0:07:03] [#] e5 would now be deadly.} e5 11. cxd4 cxd4 12. Nxd6 Qxd6 13. Bd2 f6 14. Qb1 a5 15. b3 Be6 16. a3 b5 17. b4 axb4 18. axb4 Rfc8 19. Qb2 Nd8 20. Bf1 Nb7 21. Be2 Qd8 22. Rec1 Rxc1+ 23. Qxc1 Rc8 24. Qb2 Ra8 25. Bd1 Kh8 26. Kg2 Qc8 27. h4 h5 (27... Bh3+ $11 28. Kh2 Bg4) 28. Nh2 g6 ({Better is} 28... Bh3+ $14 29. Kg1 Rxa1 30. Qxa1 Qe8) 29. Rc1 Qd7 30. Ra1 {[%emt 0:03:18] Prevents Ra2.} Qc8 {[%emt 0:03:08] [#]} 31. Rc1 (31. f4 $1 $16 ) 31... Qd7 $11 32. Bb3 {[%emt 0:00:12] Prevents Ra2} Nc6 33. Qc2 {[%emt 0:02:39] Hoping for Bxe6.} Ra6 {[%emt 0:00:24] The position is equal.} 34. Nf3 Kg7 35. Qb2 Ra8 36. Bxe6 Qxe6 37. Ra1 Rxa1 38. Qxa1 Nd6 39. Qa8 Qc8 40. Qa2 Qg8 41. Qc2 Nd8 42. Nh2 N8f7 43. Qc6 Qc8 44. Qxc8 Nxc8 45. f4 Ne7 46. Nf3 Nc6 47. Kf1 Kf8 48. Ke2 {[%emt 0:00:00] Weighted Error Value: White=0.15 (very precise) /Black=0.11 (very precise) .  Mistake:       	White=1     	Black=2      Inaccurate:     	White=4     	Black=6      OK:         	White=12    	Black=12     Best:        	---       	Black=1} 1/2-1/2

[Event "WSTCC-65 2024"]
[Site "Krakow"]
[Date "2024.07.06"]
[Round "5.13"]
[White "Thuesen, Mogens"]
[Black "Gibbons, Robert"]
[Result "1-0"]
[ECO "D70"]
[WhiteElo "2158"]
[BlackElo "1908"]
[Annotator "RC"]
[PlyCount "101"]
[EventDate "2024.07.01"]
[EventType "team-tourn"]
[EventCountry "POL"]
[SourceTitle "playchess.com"]
[Source "ChessBase"]
[SourceQuality "1"]
[TimeControl "40/5400+30:1800+30"]

1. d4 d5 2. c4 c6 3. Nf3 Nf6 4. Nbd2 e6 5. Qc2 Be7 6. e4 dxe4 7. Nxe4 Nxe4 8. Qxe4 Nd7 9. Bd3 Bb4+ 10. Kf1 Nf6 11. Qe2 O-O 12. Bg5 Re8 13. Rd1 Be7 14. h4 h6 15. Bxf6 gxf6 16. g4 f5 17. gxf5 exf5 18. Rg1+ Kh7 19. Qe5 Bf6 20. Bxf5+ Kh8 21. Qf4 Bxf5 22. Qxf5 Rg8 23. Rxg8+ Kxg8 24. Qg4+ Bg7 25. h5 Qc8 26. Qxc8+ Rxc8 27. b3 Kf8 28. Ke2 Ke7 29. Kd3 Bf6 30. Ke4 c5 31. d5 Kd6 32. Kf5 Bc3 33. Rd3 Bb2 34. Nd2 Bd4 35. Ne4+ Kd7 36. f4 a6 37. Nf6+ Ke7 38. Ng4 Bg7 39. Re3+ Kd6 40. Ne5 Rf8 41. Rg3 Bh8 42. a4 a5 43. Rg2 Ke7 44. d6+ Kd8 45. Ke4 b6 46. Kd5 Bxe5 47. fxe5 f5 48. e6 Rh8 49. Rf2 Rg8 50. Rxf5 Rg5 51. Rxg5 1-0

[Event "WSTCC-65 2024"]
[Site "Krakow"]
[Date "2024.07.06"]
[Round "5.13"]
[White "White, Alastair F"]
[Black "Fletcher, John"]
[Result "0-1"]
[ECO "D04"]
[WhiteElo "2022"]
[BlackElo "2007"]
[Annotator "NA RC"]
[PlyCount "61"]
[EventDate "2024.07.01"]
[EventType "team-tourn"]
[EventCountry "POL"]
[SourceTitle "playchess.com"]
[Source "ChessBase"]
[SourceQuality "1"]
[TimeControl "40/5400+30:1800+30"]

1. Nf3 d5 2. d4 Nf6 3. e3 g6 4. Bd3 Bg7 5. O-O O-O 6. Nbd2 Nbd7 7. b3 c5 8. Bb2 cxd4 9. exd4 b6 10. Re1 Nb8 11. Qe2 Re8 12. Ne5 a6 13. Rac1 Nfd7 14. Nxf7 Kxf7 15. Qe6+ Kf8 16. Qxd5 Ra7 17. Bc4 e6 18. Rxe6 Bf6 19. Ba3+ Kg7 20. Rce1 Rxe6 21. Rxe6 b5 22. Rxf6 Qxf6 23. Qg8+ Kh6 24. Ne4 Qf4 25. g3 Qxe4 26. Bc1+ Kh5 27. Qxh7+ Kg4 28. Qh4+ Kf3 29. Bf1 Qxh4 30. gxh4 Nf6 31. h3 0-1

[Event "WSTCC-65 2024"]
[Site "Krakow"]
[Date "2024.07.06"]
[Round "5.14"]
[White "Orton, Stephen L A"]
[Black "Raupp, Thomas"]
[Result "1-0"]
[ECO "C42"]
[WhiteElo "2115"]
[BlackElo "2237"]
[Annotator "TA"]
[PlyCount "57"]
[EventDate "2024.07.01"]
[EventType "team-tourn"]
[EventCountry "POL"]
[SourceTitle "playchess.com"]
[Source "ChessBase"]
[SourceQuality "1"]
[TimeControl "40/5400+30:1800+30"]

1. e4 e5 2. Nf3 Nf6 3. Nxe5 d6 4. Nf3 Nxe4 5. Nc3 Nxc3 6. dxc3 Be7 7. Be3 O-O 8. Qd2 Nd7 9. O-O-O Nf6 10. Bd3 {[%emt 0:03:00] The position is equal.} c5 11. c4 Bd7 12. Ng5 (12. Bf4 $11) 12... Bc6 ({Black should try} 12... b5 $15) 13. f3 Qd7 14. g4 b5 15. cxb5 Bxb5 16. c4 $1 Ba4 17. b3 (17. Bc2 $5) 17... Bc6 18. Qc2 $36 {[%emt 0:00:54][%mdl 2048] White is more active.} h6 19. h4 Rfd8 $2 (19... hxg5 $2 20. hxg5 Rfd8 21. Qh2 $18 (21. gxf6 Bxf6 22. Qh2 Kf8 $18)) (19... Qb7 $15 {keeps the upper hand.}) 20. Bh7+ $18 Kf8 21. Bf5 $2 (21. Nxf7 $18 Qe6 (21... Kxf7 $2 22. Qg6+ Kf8 23. Bxh6 $18) 22. Rde1 Qxf7 23. Bg6) 21... Qb7 $14 22. Ne4 (22. Rde1 {with more complications.} a5 23. Nxf7 Kxf7 24. g5) 22... Nxe4 23. fxe4 {[%emt 0:04:39] Hoping for g5.} (23. Bxe4 {simplifies} Bxe4 24. Qxe4 Qxe4 25. fxe4 Bf6 26. g5) 23... Kg8 (23... Ke8 $11 {remains equal.}) 24. g5 {[%emt 0:02:26] White is more active.} (24. Rhg1 $1 $16) 24... g6 $11 25. gxh6 $1 Kh7 $2 {[%emt 0:00:12] [#]} (25... gxf5 $2 26. Qg2+ Kf8 27. Qg7+ Ke8 28. h7 $18) (25... Bf6 $1 $11 26. Rhg1 Kh8) 26. Rhg1 $1 $18 Rg8 {[%emt 0:00:27] [#]} (26... gxf5 27. Rg7+ Kh8 28. Qb2 Bf8 (28... f6 29. Qg2 Bxe4 30. Qg6 Bh1 31. Rh7#) 29. Rdg1 (29. Rxf7+ Kg8 30. Qf6 Qxf7 31. Rg1+ Bg7 32. Rxg7+ Kh8 33. Rxf7+ Kg8 34. h7#) 29... f6 30. Rg8+ (30. Rxb7 Be7 31. Rxe7 Rf8) 30... Kh7 31. Qxf6 (31. exf5 Bxh6 32. R8g3 Bxe3+ 33. Rxe3 Rg8 $15) (31. exf5 Bxh6 32. R8g3 Bxe3+ 33. Rxe3 Rg8 $15)) (26... Bf6 27. e5) 27. Qf2 {[%emt 0:01:43][%cal Oe4e5] And now e5! would win.} Raf8 {[%emt 0:04:23] [#]} 28. Qf4 gxf5 $4 {[%emt 0:02:14][%mdl 8192] [#]} (28... Qb4 $14 29. Bd2 Qa3+ 30. Kb1 Bf6 (30... gxf5 $2 {perishes.} 31. Qxf5+ Rg6 32. h5 $18)) 29. Rg7+ $1 {Weighted Error Value: White=0.40/Black=0.55.  Loses game:     	---       	Black=3      Missed win:     	White=1     	---        Mistake:       	White=3     	Black=2      Inaccurate:     	White=1     	Black=2      OK:         	White=5     	Black=6      Best:        	White=1     	Black=3      Strong:       	White=4     	---} 1-0

[Event "WSTCC-65 2024"]
[Site "Krakow"]
[Date "2024.07.06"]
[Round "5.14"]
[White "Van Kemenade, Rudy"]
[Black "Bhopal, Raj"]
[Result "0-1"]
[ECO "A40"]
[WhiteElo "1960"]
[BlackElo "1991"]
[Annotator "NA RC"]
[PlyCount "104"]
[EventDate "2024.07.01"]
[EventType "team-tourn"]
[EventCountry "POL"]
[SourceTitle "playchess.com"]
[Source "ChessBase"]
[SourceQuality "1"]
[TimeControl "40/5400+30:1800+30"]

1. d4 Nf6 2. c4 e6 3. g3 Bb4+ 4. Nd2 O-O 5. Bg2 d5 6. Ngf3 b6 7. O-O Bb7 8. Ne5 Nbd7 9. f4 Bxd2 10. Bxd2 Ne4 11. Bxe4 dxe4 12. Bc3 Nxe5 13. fxe5 a5 14. e3 Qd7 15. Qg4 Rad8 16. Rad1 Qa4 17. b3 Qxa2 18. d5 Bc8 19. Qxe4 Qxb3 20. Ba1 Bb7 21. Qg4 Qxe3+ 22. Rf2 Bc8 23. d6 cxd6 24. Bd4 Qb3 25. Rc1 Qa3 26. Qg5 h6 27. Qf4 g5 28. Qe3 Qxe3 29. Bxe3 dxe5 30. Bxb6 Rd3 31. Bxa5 Bb7 32. Bc7 e4 33. Bb6 f5 34. Ra2 Rc8 35. Ra7 Bd5 36. Rc7 Rxc7 37. Bxc7 Bc6 38. Kf2 Rd2+ 39. Ke3 Rd3+ 40. Ke2 Kf8 41. Be5 Bb7 42. Rd1 Ba6 43. Rc1 Kf7 44. Rc2 Rf3 45. Rc3 Rxc3 46. Bxc3 Bxc4+ 47. Ke3 Kg6 48. Be5 Bd5 49. Kd4 Kh5 50. Bg7 f4 51. gxf4 gxf4 52. Be5 Kg4 0-1

[Event "WSTCC-65 2024"]
[Site "Krakow"]
[Date "2024.07.06"]
[Round "5.14"]
[White "Kerr, Grant"]
[Black "Holst, Per"]
[Result "0-1"]
[ECO "C11"]
[WhiteElo "1769"]
[BlackElo "2073"]
[Annotator "NA RC"]
[PlyCount "94"]
[EventDate "2024.07.01"]
[EventType "team-tourn"]
[EventCountry "POL"]
[SourceTitle "playchess.com"]
[Source "ChessBase"]
[SourceQuality "1"]
[TimeControl "40/5400+30:1800+30"]

1. e4 e6 2. Nf3 d5 3. Nc3 Nf6 4. e5 Nfd7 5. d4 c5 6. dxc5 Nc6 7. Bf4 Nxc5 8. Bd3 Be7 9. O-O O-O 10. Re1 f5 11. exf6 Bxf6 12. Ne5 Nxd3 13. Qxd3 Qb6 14. Qd2 d4 15. Nd1 Qc5 16. Nxc6 bxc6 17. Qe2 Bd7 18. Be5 Qd5 19. Qe4 c5 20. Qxd5 exd5 21. Bxf6 Rxf6 22. b3 Bf5 23. Rc1 Kf7 24. f3 Ra6 25. a4 Re6 26. Rxe6 Kxe6 27. Nf2 Kd6 28. Kf1 a5 29. Ke2 c4 30. bxc4 dxc4 31. g4 Bg6 32. f4 Rb8 33. f5 Be8 34. Rd1 Ke5 35. Kd2 Bxa4 36. Ra1 Bb5 37. Rxa5 Rb7 38. h3 Kf4 39. Ke1 Kf3 40. Ra8 Re7+ 41. Kf1 c3+ 42. Kg1 Re1+ 43. Kh2 Kxf2 44. Rc8 Be2 45. Re8 Bf3 46. Rxe1 Kxe1 47. g5 Be4 0-1

[Event "WSTCC-65 2024"]
[Site "Krakow"]
[Date "2024.07.06"]
[Round "5.15"]
[White "Vatter, Hans-Joachim"]
[Black "Hewson, Brian W R"]
[Result "1/2-1/2"]
[ECO "B12"]
[WhiteElo "2214"]
[BlackElo "2042"]
[Annotator "RC"]
[PlyCount "112"]
[EventDate "2024.07.01"]
[EventType "team-tourn"]
[EventCountry "POL"]
[SourceTitle "playchess.com"]
[Source "ChessBase"]
[SourceQuality "1"]
[TimeControl "40/5400+30:1800+30"]

1. e4 c6 2. d4 d5 3. e5 Bf5 4. Nf3 e6 5. Be2 c5 6. Be3 cxd4 7. Nxd4 Ne7 8. O-O Nbc6 9. Bb5 Bg6 10. c4 a6 11. Bxc6+ bxc6 12. Qa4 Qd7 13. Na3 Nf5 14. Nxf5 Bxf5 15. c5 Be7 16. Rfd1 Qc7 17. Bd4 O-O 18. Nc2 Bxc2 19. Qxc2 f6 20. f4 f5 21. Rd3 Rfb8 22. Rf1 Rb4 23. b3 Qa7 24. Kh1 a5 25. a3 Rb5 26. Rc3 Rab8 27. h3 Qb7 28. Rff3 g6 29. g4 Rf8 30. g5 Kf7 31. h4 Qb8 32. h5 Rg8 33. Rh3 Bf8 34. hxg6+ hxg6 35. Kg1 Bg7 36. Kf1 Rh8 37. Qd3 Rxh3 38. Qxh3 Qa8 39. Qg2 Rb8 40. Rh3 Qa6+ 41. Qe2 Qa8 42. Ke1 Rb5 43. Kd1 a4 44. b4 Rb8 45. Kd2 Rb5 46. Kc3 Qb8 47. Qh2 Qf8 48. Rh7 Qg8 49. Rh3 Qf8 50. Kb2 Qg8 51. Rc3 Qf8 52. Qe2 Qb8 53. Rh3 Qc8 54. Ka2 Qb8 55. Rc3 Bf8 56. Rh3 Bg7 1/2-1/2

[Event "WSTCC-65 2024"]
[Site "Krakow"]
[Date "2024.07.06"]
[Round "5.15"]
[White "Scrimgour, Alan"]
[Black "Hughes, Anthony"]
[Result "1-0"]
[ECO "B13"]
[WhiteElo "1979"]
[BlackElo "1913"]
[Annotator "NA RC"]
[PlyCount "63"]
[EventDate "2024.07.01"]
[EventType "team-tourn"]
[EventCountry "POL"]
[SourceTitle "playchess.com"]
[Source "ChessBase"]
[SourceQuality "1"]
[TimeControl "40/5400+30:1800+30"]

1. e4 c6 2. d4 d5 3. exd5 cxd5 4. c4 Nf6 5. Nc3 Nc6 6. Bg5 dxc4 7. Bxc4 e6 8. Nf3 Be7 9. O-O O-O 10. Re1 a6 11. Rc1 b5 12. Bd3 Bb7 13. Bb1 Nb4 14. Ne5 Nbd5 15. Qd3 Rc8 16. Qh3 h6 17. Bxh6 gxh6 18. Qxh6 Nxc3 19. Rxc3 Rxc3 20. bxc3 Qd5 21. Qg5+ Kh8 22. f3 Qd6 23. Qh6+ Kg8 24. Ng4 Be4 25. Nxf6+ Bxf6 26. Bxe4 Bxd4+ 27. cxd4 Qxd4+ 28. Qe3 Qf6 29. Rc1 Rd8 30. g3 Rd4 31. h4 Kf8 32. Qg5 1-0

[Event "WSTCC-65 2024"]
[Site "Krakow"]
[Date "2024.07.06"]
[Round "5.15"]
[White "Jorgensen, Arne Bjorn"]
[Black "Cooper, Nigel"]
[Result "1-0"]
[ECO "D48"]
[WhiteElo "1940"]
[BlackElo "1662"]
[Annotator "NA RC"]
[PlyCount "95"]
[EventDate "2024.07.01"]
[EventType "team-tourn"]
[EventCountry "POL"]
[SourceTitle "playchess.com"]
[Source "ChessBase"]
[SourceQuality "1"]
[TimeControl "40/5400+30:1800+30"]

1. d4 d5 2. c4 e6 3. Nf3 c6 4. e3 Nf6 5. Nc3 Nbd7 6. Bd3 dxc4 7. Bxc4 b5 8. Bd3 a6 9. O-O c5 10. b3 Bb7 11. Bb2 Bd6 12. Qe2 O-O 13. Rfd1 Qe7 14. h3 Rfd8 15. Rac1 e5 16. Nxe5 Nxe5 17. dxe5 Bxe5 18. Bb1 Nd5 19. Nxd5 Rxd5 20. Rxd5 Bxb2 21. Qxb2 Bxd5 22. Qc2 g6 23. Qxc5 Qxc5 24. Rxc5 Be6 25. Be4 Rc8 26. Rxc8+ Bxc8 27. b4 Kf8 28. Kf1 Ke7 29. Ke2 Kd6 30. f4 h5 31. Kd3 f5 32. Bf3 Be6 33. a3 Bd5 34. Bxd5 Kxd5 35. g3 Kc6 36. Kd4 Kb6 37. Ke5 a5 38. Kf6 axb4 39. axb4 Kc6 40. Kxg6 Kd5 41. Kxf5 Kc4 42. e4 Kxb4 43. e5 Kc3 44. e6 b4 45. e7 b3 46. e8=Q b2 47. Qe5+ Kc2 48. Qxb2+ 1-0

[Event "WSTCC-65 2024"]
[Site "Krakow"]
[Date "2024.07.06"]
[Round "5.16"]
[White "Quinn, Peter"]
[Black "McAndrew, Robert"]
[Result "1/2-1/2"]
[ECO "B15"]
[WhiteElo "1744"]
[BlackElo "1926"]
[Annotator "NA RC"]
[PlyCount "76"]
[EventDate "2024.07.01"]
[EventType "team-tourn"]
[EventCountry "POL"]
[SourceTitle "playchess.com"]
[Source "ChessBase"]
[SourceQuality "1"]
[TimeControl "40/5400+30:1800+30"]

1. e4 c6 2. d4 d5 3. Nc3 dxe4 4. Nxe4 Nf6 5. Nxf6+ exf6 6. c3 Bd6 7. Bd3 O-O 8. Ne2 Re8 9. O-O Nd7 10. Be3 Nf8 11. Qd2 Ng6 12. Rfe1 Qc7 13. Bxg6 hxg6 14. h3 Bf5 15. f3 Re7 16. g4 Rae8 17. Bf2 Be6 18. Kg2 Bc4 19. Ng3 Bf4 20. Rxe7 Rxe7 21. Qd1 b5 22. b3 Bd5 23. Qd3 f5 24. Re1 Rxe1 25. Bxe1 fxg4 26. hxg4 Qd7 27. Ne4 f5 28. gxf5 Qxf5 29. c4 Be6 30. Kf2 bxc4 31. bxc4 Qf7 32. d5 cxd5 33. cxd5 Bxd5 34. Nc3 Bxa2 35. Qd8+ Kh7 36. Qh4+ Kg8 37. Qd8+ Kh7 38. Qh4+ Kg8 1/2-1/2

[Event "WSTCC-65 2024"]
[Site "Krakow"]
[Date "2024.07.06"]
[Round "5.16"]
[White "Beier, Thomas"]
[Black "Andersson, Finn"]
[Result "0-1"]
[ECO "D05"]
[WhiteElo "1538"]
[BlackElo "1824"]
[Annotator "NA RC"]
[PlyCount "87"]
[EventDate "2024.07.01"]
[EventType "team-tourn"]
[EventCountry "POL"]
[SourceTitle "playchess.com"]
[Source "ChessBase"]
[SourceQuality "1"]
[TimeControl "40/5400+30:1800+30"]

1. d4 e6 2. Nf3 Nf6 3. e3 d5 4. Bd3 c5 5. b3 Nc6 6. a3 a6 7. Bb2 b5 8. dxc5 Bxc5 9. Ne5 Nxe5 10. Bxe5 Bb7 11. Qf3 Be7 12. Nd2 O-O 13. O-O Nd7 14. Qh3 g6 15. Bf4 e5 16. Bh6 Re8 17. c4 Nc5 18. Bc2 dxc4 19. Rad1 Qc7 20. bxc4 bxc4 21. Nxc4 Rad8 22. f4 e4 23. Rc1 Nd3 24. Ne5 Nxc1 25. Rxc1 Rd2 26. Nxf7 Bxa3 27. Ng5 Rxc2 28. Rxc2 Qxc2 29. Bf8 Qd1+ 30. Kf2 Qd2+ 31. Kf1 Qc1+ 32. Ke2 h5 33. Qd7 Qb2+ 34. Ke1 Qc1+ 35. Kf2 Qb2+ 36. Ke1 Bb4+ 37. Bxb4 Qxb4+ 38. Kf2 Qe7 39. Qa4 Qd8 40. Qc4+ Bd5 41. Qxa6 Bf7 42. h4 Qe7 43. f5 Qf8 44. fxg6 0-1

[Event "WSTCC-65 2024"]
[Site "Krakow"]
[Date "2024.07.06"]
[Round "5.17"]
[White "Meulders, Richard"]
[Black "Chubar, Vladimir"]
[Result "1/2-1/2"]
[ECO "A04"]
[WhiteElo "2154"]
[BlackElo "1836"]
[Annotator "RC"]
[PlyCount "103"]
[EventDate "2024.07.01"]
[EventType "team-tourn"]
[EventCountry "POL"]
[SourceTitle "playchess.com"]
[Source "ChessBase"]
[SourceQuality "1"]
[TimeControl "40/5400+30:1800+30"]

1. Nf3 e6 2. d4 f5 3. Bf4 Nf6 4. h3 c5 5. e3 Qb6 6. Qc1 cxd4 7. exd4 Nc6 8. c3 Be7 9. Nbd2 d5 10. Bh2 Bd7 11. Be2 Rc8 12. Qb1 O-O 13. O-O Ne4 14. Nxe4 fxe4 15. Ne5 Nxe5 16. Bxe5 Bb5 17. Qd1 Bxe2 18. Qxe2 Bd6 19. Bxd6 Qxd6 20. f3 exf3 21. Rxf3 Rxf3 22. Qxf3 Rf8 23. Qe3 Rf6 24. Rf1 Kf7 25. Rxf6+ Kxf6 26. Kf2 h6 27. Kf3 Qa6 28. Qe5+ Kf7 29. Qc7+ Kg6 30. Kg3 Qd3+ 31. Kh2 Qa6 32. a4 Qxa4 33. Qxb7 Qc2 34. Qe7 Qe2 35. Qxa7 Qxb2 36. Qa6 Kf6 37. Qc8 Qd2 38. Qf8+ Kg6 39. Qe8+ Kf6 40. Qf8+ Kg6 41. Qd6 Kf7 42. Qc7+ Kg6 43. Qe5 Kf7 44. Qh5+ g6 45. Qf3+ Ke7 46. h4 Qe1 47. Qg3 Qe4 48. Qc7+ Kf6 49. Qd8+ Kf5 50. Qf8+ Kg4 51. Qxh6 Qf5 52. Qe3 1/2-1/2

[Event "WSTCC-65 2024"]
[Site "Krakow"]
[Date "2024.07.06"]
[Round "5.17"]
[White "Sosnowska, Elzbieta"]
[Black "Idesis, Yaacov"]
[Result "1/2-1/2"]
[ECO "B14"]
[WhiteElo "1810"]
[BlackElo "1879"]
[Annotator "NA RC"]
[PlyCount "54"]
[EventDate "2024.07.01"]
[EventType "team-tourn"]
[EventCountry "POL"]
[SourceTitle "playchess.com"]
[Source "ChessBase"]
[SourceQuality "1"]
[TimeControl "40/5400+30:1800+30"]

1. e4 c6 2. d4 d5 3. exd5 cxd5 4. c4 e6 5. Nc3 Nf6 6. Nf3 Nc6 7. a3 Be7 8. Bd3 dxc4 9. Bxc4 a6 10. O-O b5 11. Bb3 Na5 12. Bc2 Bb7 13. Ne5 Rc8 14. Re1 O-O 15. Qd3 Nc6 16. Nxc6 Bxc6 17. Bg5 g6 18. Bh6 Re8 19. Rad1 Qc7 20. h3 Red8 21. Qe2 Qb7 22. f3 Rd7 23. Ne4 Rcd8 24. Nc5 Bxc5 25. dxc5 Rxd1 26. Rxd1 Rxd1+ 27. Qxd1 Qd7 1/2-1/2

[Event "WSTCC-65 2024"]
[Site "Krakow"]
[Date "2024.07.06"]
[Round "5.18"]
[White "Dovzhenko, Viktor"]
[Black "Rooze, Jan"]
[Result "1/2-1/2"]
[ECO "A36"]
[WhiteElo "2044"]
[BlackElo "2222"]
[Annotator "ChessBase"]
[PlyCount "251"]
[EventDate "2024.07.01"]
[EventType "team-tourn"]
[EventCountry "POL"]
[SourceTitle "playchess.com"]
[Source "ChessBase"]
[SourceQuality "1"]
[TimeControl "40/5400+30:1800+30"]

1. g3 c5 2. c4 Nc6 3. Bg2 g6 4. Nc3 Bg7 5. a3 e6 6. Rb1 Nge7 7. e4 O-O 8. Nge2 d6 9. b4 Rb8 10. O-O b6 11. d3 Bb7 12. Bg5 Qd7 13. Qd2 f5 14. Bh6 Bxh6 15. Qxh6 Ne5 16. Rbd1 Rbe8 17. Qg5 fxe4 18. dxe4 Nf7 19. Qe3 Rc8 20. b5 Ne5 21. f4 Nxc4 22. Qd3 Nb2 23. Qxd6 Qxd6 24. Rxd6 Rcd8 25. Rxe6 Kf7 26. f5 gxf5 27. exf5 Bxg2 28. Kxg2 Nc4 29. g4 Rg8 30. h3 h5 31. Rf4 Nxf5 32. Ree4 Ncd6 33. Re5 hxg4 34. hxg4 Rg5 35. Kf2 Kf6 36. Rexf5+ Rxf5 37. gxf5 Ke5 38. f6 Rf8 39. f7 Rxf7 40. Rxf7 Nxf7 41. Ke3 Nd6 42. a4 Nc4+ 43. Kd3 Na5 44. Nc1 Kd6 45. Ke4 Kc7 46. Nd3 Kb7 47. Kd5 a6 48. Ne5 axb5 49. axb5 Nb3 50. Nc6 Kc7 51. Ke6 Nd2 52. Ne5 Nb3 53. Nd5+ Kb7 54. Nc6 Nd2 55. Ne5 Nb3 56. Nf3 Na1 57. Ne3 Nb3 58. Kd7 Nc1 59. Nd5 Ne2 60. Kd6 Nc1 61. Ke5 Nb3 62. Ke4 Na5 63. Nd2 Nc6 64. Nb3 Na7 65. Nc3 Nxb5 66. Nxb5 Kc6 67. Nc3 b5 68. Ke5 b4 69. Ne4 c4 70. Nd4+ Kb6 71. Kd5 b3 72. Nc3 b2 73. Kxc4 Kc7 74. Kb3 Kd6 75. Kxb2 Ke5 76. Nde2 Kf5 77. Kc2 Ke5 78. Kd3 Kf5 79. Ke3 Ke5 80. Ng3 Ke6 81. Kd4 Kd6 82. Nf5+ Ke6 83. Ke4 Kf6 84. Nd5+ Ke6 85. Nf4+ Kf6 86. Nd6 Ke7 87. Kd5 Kd7 88. Ne6 Ke7 89. Ke5 Kd7 90. Nd4 Ke7 91. N6f5+ Kd7 92. Kd5 Kc7 93. Ne6+ Kd7 94. Ned4 Kc7 95. Kc5 Kd7 96. Kb6 Ke8 97. Kc6 Kf7 98. Kd6 Kf6 99. Ne7 Kf7 100. Ne6 Kf6 101. Nd5+ Kf5 102. Nc3 Kf6 103. Ne4+ Kf5 104. Kd5 Kg4 105. Ke5 Kf3 106. Nf4 Ke3 107. Ng5 Kf2 108. Ke4 Kg3 109. Kf5 Kf2 110. Ne4+ Ke3 111. Ke5 Kf3 112. Nd5 Ke2 113. Nc5 Kf3 114. Kf5 Ke2 115. Ke4 Kd2 116. Kf3 Ke1 117. Ke3 Kd1 118. Nb4 Ke1 119. Nc2+ Kd1 120. Kd3 Kc1 121. Nb3+ Kb2 122. Nd2 Kc1 123. Ne3 Kb2 124. Nc2 Kc1 125. Nc4 Kd1 126. N4e3+ 1/2-1/2

[Event "WSTCC-65 2024"]
[Site "Krakow"]
[Date "2024.07.06"]
[Round "5.18"]
[White "Reem, Meir"]
[Black "Marks, Zofia"]
[Result "0-1"]
[ECO "A05"]
[WhiteElo "1866"]
[BlackElo "1906"]
[Annotator "NA RC"]
[PlyCount "82"]
[EventDate "2024.07.01"]
[EventType "team-tourn"]
[EventCountry "POL"]
[SourceTitle "playchess.com"]
[Source "ChessBase"]
[SourceQuality "1"]
[TimeControl "40/5400+30:1800+30"]

1. Nf3 Nf6 2. d3 d5 3. c3 c5 4. Qa4+ Bd7 5. Qc2 Nc6 6. e4 e5 7. Bg5 d4 8. Be2 Be7 9. Nbd2 Be6 10. c4 Nd7 11. Bxe7 Qxe7 12. a3 O-O 13. Nf1 a5 14. Ng3 g6 15. Qd2 f6 16. h4 h5 17. Nh2 a4 18. Bf3 Na5 19. Qe2 Nb3 20. Rd1 Rab8 21. Ngf1 b5 22. cxb5 Rxb5 23. Nd2 Nxd2 24. Rxd2 Rfb8 25. g4 hxg4 26. Nxg4 Kh7 27. h5 g5 28. Kf1 Qf7 29. Kg2 c4 30. Rc1 cxd3 31. Qxd3 Nc5 32. Rxc5 Rxc5 33. Qa6 Rbc8 34. Qxa4 R8c7 35. b4 Rc1 36. Qa5 Bxg4 37. Bxg4 Kh6 38. a4 Qc4 39. Qa8 Qf1+ 40. Kg3 Qg1+ 41. Kf3 R7c3+ 0-1

[Event "WSTCC-65 2024"]
[Site "Krakow"]
[Date "2024.07.06"]
[Round "5.19"]
[White "Van Herck, Marcel"]
[Black "Karnaukh, Anatolij"]
[Result "1-0"]
[ECO "D50"]
[WhiteElo "1942"]
[BlackElo "1970"]
[Annotator "NA RC"]
[PlyCount "123"]
[EventDate "2024.07.01"]
[EventType "team-tourn"]
[EventCountry "POL"]
[SourceTitle "playchess.com"]
[Source "ChessBase"]
[SourceQuality "1"]
[TimeControl "40/5400+30:1800+30"]

1. d4 d5 2. c4 e6 3. Nc3 Nf6 4. Bg5 Bb4 5. Qb3 Nc6 6. e3 dxc4 7. Bxc4 O-O 8. Nf3 h6 9. Bh4 g5 10. Bg3 Ne4 11. Qc2 Nxg3 12. hxg3 Qf6 13. O-O-O Bxc3 14. Qxc3 Kg7 15. e4 g4 16. e5 Qe7 17. Nd2 Rh8 18. Ne4 b5 19. Bb3 Nb4 20. Rh4 Bb7 21. Rxg4+ Kf8 22. Nf6 Bd5 23. Nxd5 Nxd5 24. Bxd5 exd5 25. Qc6 Rd8 26. Rh1 Qd7 27. Qf6 Qxg4 28. Qxh8+ Ke7 29. Qf6+ Kd7 30. Qxf7+ Kc8 31. Qf4 Qe2 32. Qd2 Qe4 33. f3 Qg6 34. g4 Rh8 35. Rh5 Kb7 36. Rf5 Qc6+ 37. Qc3 Qc4 38. Qxc4 dxc4 39. Kd2 Kc6 40. Kc3 Rb8 41. a3 Kd5 42. e6+ Kxe6 43. Rh5 a5 44. Rxh6+ Kd5 45. Rh5+ Ke6 46. Re5+ Kf6 47. Rc5 Rb7 48. f4 Ke6 49. g5 Kf7 50. f5 Kg7 51. Rc6 Kf7 52. g4 Kg7 53. d5 Kf7 54. g6+ Kg7 55. g5 Ra7 56. Kd4 Rb7 57. Kc5 b4 58. axb4 axb4 59. Kxc4 b3 60. Kc3 Kf8 61. f6 Kg8 62. d6 1-0